 Dungeon Crawl Stone Soup version 0.31-a0-339-gda1cbd555d (webtiles) character file.

Game seed: 12506375712400254645

1279 mopl the Insei (level 8, 0/54 HPs)
             Began as an Octopode Shapeshifter on July 20, 2023.
             Was a Follower of Uskayaw.
             Slain by a scorpion (5 damage)
             ... on level 5 of the Dungeon.
             The game lasted 00:05:59 (4434 turns).

mopl the Insei (Octopode Shapeshifter)              Turns: 4434, Time: 00:06:00

Health: 0/54       AC:  1    Str: 14    XL:     8   Next: 54%
Magic:  8/8        EV: 14    Int: 10    God:    Uskayaw [*.....]
Gold:   266        SH:  4    Dex: 15    Spells: 7/7 levels left

rFire   . . .        m - +10 dagger "Celapn" {spect, rPois}
rCold   . . .        A - +0 buckler
rNeg    . . .        (helmet currently unavailable)
rPois   +            t - amulet of magic regeneration
rElec   .            (no ring)
rCorr   .            (no ring)
SInv    .            (no ring)
Will    .....        (no ring)
Stlth   ++           (no ring)
HPRegen 0.29/turn    (no ring)
MPRegen 0.51/turn    (no ring)
                     (no ring)

%: no passive effects
@: beast-form, studying Staves
A: beast (slay +4), almost no armour, amphibious, 8 rings, camouflage 1,
gelatinous body 1, (nimble swimmer 1), tentacles
a: Begin Untransformation, Renounce Religion, Stomp


You were on level 5 of the Dungeon.
You worshipped Uskayaw.
Uskayaw was noncommittal.
You were a hulking beast.
You visited 2 branches of the dungeon, and saw 7 of its levels.
You also visited: Ossuary.

You collected 266 gold pieces.

Inventory:

Hand Weapons
 m - the +10 dagger "Celapn" (weapon) {spect, rPois}
   (You found it on level 4 of the Dungeon)

   rPois:     It protects you from poison.
Missiles
 v - 8 poisoned darts (quivered)
Armour
 A - a +0 buckler (worn)
Jewellery
 t - an amulet of magic regeneration (around mantle)
 w - a ring of fire
Talismans
 b - a beast talisman
Wands
 u - a wand of flame (29)
Scrolls
 c - 2 scrolls of revelation {unknown}
 f - a scroll of fog {unknown}
 g - a scroll of amnesia {unknown}
 j - 3 scrolls of enchant armour
 k - 4 scrolls of teleportation
 n - 2 scrolls of silence {unknown}
 o - a scroll of blinking {unknown}
 p - 2 scrolls of noise {unknown}
 q - a scroll of vulnerability {unknown}
 s - a scroll of enchant weapon {unknown}
 x - a scroll of acquirement {unknown}
 y - a scroll of identify
Potions
 a - 2 potions of lignification {!q}
 d - 2 potions of haste
 e - 4 potions of heal wounds
 h - 4 potions of curing
 i - a potion of might
 l - 4 potions of magic {unknown}
 r - 2 potions of enlightenment
 z - a potion of mutation {!q}


   Skills:
 + Level 3.9 Fighting
 + Level 4.3 Dodging
 * Level 6.5 Unarmed Combat
 * Level 5.8 Shapeshifting


You had 7 spell levels left.
You didn't know any spells.
Your spell library was empty.

Dungeon Overview and Level Annotations

Branches:
Dungeon (6/15)             Temple (1/1) D:4         Ossuary (visited)

Altars:
Cheibriados
Gozag
Kikubaaqudgha
Makhleb
Nemelex Xobeh
Okawaru
Qazlal
Ru
Sif Muna
Uskayaw
Vehumet
Wu Jian
Yredelemnul
Zin

Annotations:
D:1 dig
D:5 Edmund
D:6 Blork the orc


Innate Abilities, Weirdness & Mutations

You are a hulking beast.
Your limbs bulge with bestial killing power. (Slay +4)
You cannot wear most types of armour.
You are amphibious.
You can wear up to eight rings at the same time.
Your skin changes colour to match your surroundings (Stealth+).
Your rubbery body absorbs attacks. (AC +1, EV +1)
((You are camouflaged when in or above water. (Stealth+)))
You have tentacles for arms and can constrict up to eight enemies at once.


Message History

You block the scorpion's attack.
Edmund hits you with a +4 flail of protection!
There is a stone staircase leading up here.
Unknown command.
The scorpion misses you. Edmund misses you.
Blork the orc points at you and mumbles some strange words.
The magic dart hits you! The scorpion barely misses you.
You climb upwards.
There is a stone staircase leading down here.
Unknown command.
You hit Edmund but do no damage. You grab Edmund.
Your +10 dagger "Celapn" {spect, rPois} hits Edmund but does no damage.
You constrict Edmund, but do no damage.
Edmund hits you with a +4 flail of protection!
The scorpion barely misses you.
Unknown command.
You are too injured to fight recklessly!
You hit the scorpion but do no damage. You grab the scorpion.
You squeeze the scorpion, but do no damage.
Your +10 dagger "Celapn" {spect, rPois} hits the scorpion.
You constrict Edmund. You constrict the scorpion. Edmund misses you.
The scorpion stings you.
Unknown command.
You hit Edmund but do no damage.
Edmund is lightly wounded.
Your +10 dagger "Celapn" {spect, rPois} completely misses Edmund.
You constrict Edmund, but do no damage. You constrict the scorpion.
The scorpion barely misses you.
Edmund says, "People think my brother is the best.
I think he's crazy."
Edmund misses you.
You hit Edmund.
Edmund is lightly wounded.
Your +10 dagger "Celapn" {spect, rPois} hits Edmund!
You constrict Edmund, but do no damage. You constrict the scorpion.
The scorpion stings you.
* * * LOW HITPOINT WARNING * * *
Edmund hits you with a +4 flail of protection!
* * * LOW HITPOINT WARNING * * *
The scorpion stings you.
You die...

#.# ##.. #.# ##.## #.# #####.## #
#################.# #....#### #
#.....##..........###........ #
#.###.##.................###. #
#.# #.##...........######.##. #
#.###.##............# ##.#. #
#.##.......(h......## ##.. #
#.##..##...@s)....## ##. #
#.##..##..........# ###. #
#.....##..........# #... #
####.###..........## #.#. #####
#.# #########...## #... ....#
#.#### ##)....## #.#. ....#
#.##.## ##.......## #..#
#.#.####.#...####.........####...


You could see Edmund, a scorpion and a friendly +10 dagger "Celapn" {spect,
rPois}.

Vanquished Creatures
  Sigmund (D:2)
  A yak (D:5)
  An orc warrior (D:5)
  An ogre (D:5)
  A scorpion (D:5)
  A wight (Ossuary)
  2 water moccasin zombies (Ossuary)
  2 centaur zombies (Ossuary)
  2 jellies
  5 hounds
  3 iguanas
  A scorpion zombie (Ossuary)
  An orc wizard (D:5)
  An ogre zombie (Ossuary)
  7 adders
  An ufetubus (D:5)
  6 adder zombies (Ossuary)
  A worm (D:2)
  3 dart slugs
  4 orcs
  8 ball pythons
  6 bats
  5 endoplasms
  4 giant cockroaches
  3 gnoll zombies (Ossuary)
  9 goblins
  4 hobgoblins
  2 jackals (D:1)
  8 kobolds
  4 quokkas
  3 frilled lizards (D:1)
  4 goblin zombies (Ossuary)
  2 hobgoblin zombies (Ossuary)
  5 orc zombies (Ossuary)
  3 rats (D:1)
115 creatures vanquished.

Notes
Turn   | Place    | Note
-------+----------+-------------------------------------------
     0 | D:1      | mopl the Octopode Shapeshifter began the quest for the Orb.
     0 | D:1      | Reached XP level 1. HP: 13/13 MP: 1/1
    87 | D:1      | Reached XP level 2. HP: 15/18 MP: 2/2
   291 | D:1      | Reached XP level 3. HP: 14/23 MP: 3/3
  1293 | D:2      | Noticed Sigmund
  1300 | D:2      | Killed Sigmund
  1301 | D:2      | Reached skill level 2 in Fighting
  1301 | D:2      | Reached skill level 4 in Unarmed Combat
  1301 | D:2      | Reached skill level 4 in Shapeshifting
  1301 | D:2      | Reached XP level 4. HP: 15/29 MP: 4/4
  1301 | D:2      | Reached XP level 5. HP: 18/34 MP: 5/5
  1855 | D:3      | Reached XP level 6. HP: 39/39 MP: 6/6
  1901 | D:3      | Found a stormy altar of Qazlal.
  1916 | D:3      | Reached skill level 3 in Dodging
  2146 | D:3      | You fall into a shaft and drop 1 floor!
  2234 | D:4      | Found a shimmering blue altar of Sif Muna.
  2283 | D:4      | Found a sand-covered staircase.
  2293 | D:4      | Identified the +10 dagger "Celapn" {spect, rPois}
  2304 | Ossuary  | Entered an ossuary
  2388 | Ossuary  | Reached skill level 5 in Unarmed Combat
  2391 | Ossuary  | Reached XP level 7. HP: 29/45 MP: 7/7
  2501 | Ossuary  | Reached skill level 3 in Fighting
  2576 | Ossuary  | Noticed a silent spectre
  2656 | D:4      | Found a staircase to the Ecumenical Temple.
  2662 | Temple   | Entered the Ecumenical Temple
  2671 | Temple   | Became a worshipper of Uskayaw the Reveller
  2718 | D:4      | Found a basalt altar of Yredelemnul.
  2725 | D:4      | Reached * piety under Uskayaw
  3217 | D:4      | Reached skill level 5 in Shapeshifting
  3432 | D:5      | Entered Level 5 of the Dungeon
  3439 | D:5      | Reached ** piety under Uskayaw
  3713 | D:5      | Reached skill level 4 in Dodging
  3713 | D:5      | Reached skill level 6 in Unarmed Combat
  3713 | D:5      | Reached XP level 8. HP: 39/52 MP: 8/8
  3909 | D:5      | Noticed a yak
  3912 | D:5      | Killed a yak
  4042 | D:5      | Found a radiant altar of Vehumet.
  4043 | D:5      | Found an ancient bone altar of Kikubaaqudgha.
  4221 | D:5      | Found a burning altar of Makhleb.
  4335 | D:6      | Noticed Edmund
  4337 | D:6      | Noticed Blork the orc
  4434 | D:5      | Slain by a scorpion

Illustrated notes

Levels and vault maps discovered:
D:1:      dpeg_arrival_simpleton_a, layout_basic, serial_forest,
          infiniplex_forest_zigzag_2, infiniplex_forest_lined_3,
          infiniplex_forest_clump_double, infiniplex_forest_clump_tiny,
          infiniplex_forest_clump_long, infiniplex_forest_clump_long,
          due_unseen_surprise
D:2:      layout_basic, palyth_stone_intersect, minmay_vboxes, uniq_sigmund
D:3:      layout_basic, nicolae_qazlal_scattered_showers, solitary_fountain
D:4:      layout_loops_ring, mainiacjoe_overflow_catwalk, kennysheep_little_box,
          minmay_temple_entry_gardened_gates, enter_ossuary_2
D:5:      layout_loops_corners, lightli_temple_of_fire,
          gammafunk_temple_overflow_statue, minmay_manual_monstrance
D:6:      layout_cave_pools, trog_book, amcnicky_mini_pool_small,
          hangedman_abyss_or_decor_stagger, uniq_edmund, uniq_pikel,
          uniq_blork_the_orc
Temple:   nicolae_temple_two_arcs

Skill      XL: |  1  2  3  4  5  6  7 |
---------------+----------------------+-----
Fighting       | 2 3 |  3.9
Unarmed Combat | 4 5 6 |  6.5
Shapeshifting  | 4 5 |  5.8
Dodging        | 3 4 |  4.3

Action                     |  1- 3 |  4- 6 |  7- 9 || total
---------------------------+-------+-------+-------++-------
  Melee: Unarmed           |    91 |    25 |       ||   116
         Constrict         |    24 |    20 |    13 ||    57
         Tentacles         |    19 |    14 |     8 ||    41
         Punch             |     2 |     2 |     6 ||    10
         Dagger            |       |    33 |    58 ||    91
    Use: Scroll            |       |     4 |     5 ||     9
   Stab: Sleeping          |     9 |     4 |     4 ||    17
         Distracted        |       |     1 |     1 ||     2
 Armour: Skin              |     8 |     3 |     2 ||    13
  Dodge: Dodged            |    55 |    23 |    33 ||   111
  Block: Buckler           |       |       |     4 ||     4

Table legend: (Time is in decaauts)
 A = Elapsed time spent in this place.
 B = Non-inter-level travel time spent in this place.
 C = Inter-level travel time spent in this place.
 D = Time resting spent in this place.
 E = Time spent auto-exploring this place.
 F = Levels seen in this place.
 G = Mean time per level.
                   A        B        C        D        E       F      G
               +--------+--------+--------+--------+--------+-----+--------+
         Total |   4426 |   4280 |    146 |    400 |   3029 |   8 |  553.2 |
       Dungeon |   4089 |   3952 |    137 |    263 |   2987 |   6 |  681.5 |
        Temple |     18 |      9 |      9 |      0 |      0 |   1 |   18.0 |
       Ossuary |    318 |    318 |      0 |    137 |     42 |   1 |  318.0 |
               +--------+--------+--------+--------+--------+-----+--------+

Top non-repeatable levels by time:
     D:2: 990 daAuts
     D:5: 961 daAuts
     D:1: 812 daAuts
     D:3: 644 daAuts
     D:4: 637 daAuts
 Ossuary: 318 daAuts
     D:6: 42 daAuts
  Temple: 18 daAuts
